Unix xNetHack Version 8.0.0 - last build Jan 14 2024 16:46:22 (be4d3c81716514284228e1a23197c27ddb32b841). Game began 2024-03-07 14:43:39, ended 2024-03-08 11:18:05. Catomat, neutral female human Wizard ------- --- --.--..| --- --- --.--------------- --......------..| ------.| |...............(|---|........|.--...| |...|..|%%% *+?|................|...|.--...........-- - --...|..| $ ?[?|.........--|--.[(.(.|.|--..........| --.|....|..--+---+-- $ |..-----..|...|..|(..|.| |........------ |.. |..............-+---+--..|...|--|...|..-----.| |..--....---..| |...|......-----.............-...| |...|[%......| --------......| - -.........|...|....|.-......|...|. |---|........| ----....-- |.... ----........|...-...|......{..------||/((|...------ |....--.| -...................|...|...|..|.............|(@o|...+ ----------.----|.| ----.........-------------|.--.....-|--...|...| |.|-..||...| |.-- |.-...>...................|-+-..|..--|--...----.|...||..-| |..-- |.........--------....----.. |..|..|.@......|...|...--...| |-..-- -.....--..|......|....-...|.....----..f..#..|...|.......-- |.*..-- |...... |.-|._....).[..|...|..|......f.{....-|...........| |.....| --..... |.||......|....--------.....#.......--.).)......-| |..<.-- ....-- ----------|.....................-|.......|.......| --..-- --.-- ------------------------------.|-.---.-- ---- -- ------ --- Catomat the Thaumaturge St:9 Dx:13 Co:17 In:18 Wi:13 Ch:11 Neutral S:4770 Dlvl:8 $:214 HP:0(60) Pw:74(74) AC:10 Xp:7/1029 T:6321 Latest messages: You succeed in unlocking the door. The door opens. In what direction? The door closes. This door is locked. Unlock it with your key? [ynq] (q) You see a door open. You succeed in unlocking the door. The door opens. You swap places with Mewmew. Mewmew bites it. The dwarf throws a dagger! You are hit by a dagger. In what direction? The door closes. In what direction? The door closes. You see a door open. In what direction? The door closes. You see a door open. You see a door open. You hear someone cursing shoplifters. In what direction? The door closes. Mewmew bites it. It misses Mewmew. Please move the cursor to an unknown object. (For instructions type a '?') Unknown direction: ']' (aborted). Done. You see a door open. You see here a dagger. u - an uncursed dagger {10} (8 in total). The dwarf punches you! You swap places with Mewmew. Mewmew bites the dwarf. The dwarf misses Mewmew. The dwarf punches you! Mewmew bites it. It misses Mewmew. You hear a clank. You hear a jackal howling at the moon. The panther claws you! The panther claws you! The panther bites! You die... Izchak looks at your corpse, shakes his head, and sighs. Do you want your possessions identified? [ynq] (y) Do you want to see your attributes? [ynq] (y) Inventory: Inventory: 542/700 weight (52/52 slots) Coins $ - 214 gold pieces {2} Amulets V - a cursed iron amulet of change {22} E - a cursed mithril amulet of restful sleep {14} j - an uncursed silver amulet of unchanging {25} Weapons t - 22 +0 darts {22} u - 8 +0 daggers {80} X - 3 +0 mithril daggers {18} c - a cursed -1 dagger {10} d - a corrodeproof +0 elven dagger {10} q - a +0 elven dagger {10} Armor o - a blessed +2 plastic dunce cap {8} J - a blessed +0 elven helm {3} f - a blessed +1 pair of elven boots {15} b - an uncursed +0 cloak of magic resistance {10} H - an uncursed +0 elven cloak {10} Comestibles P - 2 uncursed food rations {40} m - an uncursed orange {2} D - an uncursed pancake {2} C - an uncursed lizard corpse {10} Scrolls x - an uncursed scroll of confuse monster {5} M - an uncursed scroll of earth {5} l - an uncursed scroll of enchant armor {5} r - 2 uncursed scrolls of enchant weapon {10} h - an uncursed scroll of identify {5} F - a cursed scroll of magic mapping {5} i - a cursed scroll of punishment {5} n - an uncursed scroll of remove curse {5} S - an uncursed scroll of stinking cloud {5} Spellbooks N - an uncursed spellbook of detect monsters {45} Potions U - an uncursed potion of healing {20} B - a cursed potion of sickness {20} Rings p - a blessed +2 ring of carrying {3} v - an uncursed +1 ring of gain constitution {3} R - an uncursed ring of hunger {3} G - an uncursed -2 ring of increase damage {3} W - a cursed ring of invisibility {3} L - an uncursed ring of regeneration {3} Z - an uncursed ring of sustain ability {3} Wands O - a wand of digging (0:6) {7} z - a wand of lightning (0:3) {7} Y - a wand of magic missile (0:5) {7} Q - a wand of speed monster (0:2) {7} A - a wand of striking (0:3) {7} Tools a - a paper bag of tricks (0:7) {7} y - a cursed lock pick {4} g - a magic marker (0:76) {2} s - an uncursed mithril oil lamp {11} k - an uncursed skeleton key {3} K - an uncursed tallow candle {2} I - an uncursed tin opener {4} T - an uncursed towel {2} Gems/Stones w - an uncursed worthless piece of green glass {1} e - an uncursed flint stone {2} Catomat the Wizard's attributes: Background: You were a Thaumaturge, a level 7 female human Wizard. You were neutral, on a mission for Thoth who was opposed by Ptah (lawful) and Anhur (chaotic). You were heterosexual. You were in the Gnomish Mines, on level 8. You entered the dungeon 6321 turns ago. You had 1029 experience points, 251 more were needed to attain level 8. Your score was 4770 before end-of-game adjustments. Basics: You had 0 out of 60 hit points. You had all 74 energy points (spell power). Your armor class was 10. Your wallet contained 214 zorkmids. Autopickup was on for '$"?!=/' plus thrown. Final Characteristics: Your strength was 9 (peak:13, limit:18/100). Your dexterity was 13 (limit:18). Your constitution was 17 (limit:18). Your intelligence was 18 (limit:18). Your wisdom was 13 (limit:18). Your charisma was 11 (limit:18). Final Status: You were not hungry. You were unencumbered. You were bare handed. You were unskilled in bare handed combat. You were not wearing any armor. Final Attributes: You were piously aligned. You were telepathic. You are dead. Miscellaneous: You never encountered a bones level. Total elapsed playing time was 2 hours, 11 minutes and 29 seconds. Major events: Turn 1: Catomat the neutral female human Wizard entered the dungeon 778: attained the rank of Conjurer (level 3) 1106: entered the Gnomish Mines 2743: attained the rank of Thaumaturge (level 6) 5707: reached Mine Town 6321: killed by a panther Vanquished creatures: a leather golem 2 giant beetles a horse a lizard a blue jelly 3 Woodland-elves a human zombie a bugbear 5 Uruk-hai a rock piercer a pony 3 yellow lights 7 gnome leaders 8 giant ants a little dog 4 floating eyes 11 dwarves 2 kobold leaders 3 hill orcs a rothe a monkey an orc zombie a wererat a werejackal 3 iguanas 2 acid blobs 4 hobbits a brown mold 2 yellow molds 2 green molds 40 gnomes a gnome zombie 5 geckos 3 jackals 2 foxes a kobold a goblin 5 sewer rats 2 grid bugs 5 lichens 4 newts 145 creatures vanquished. No species were genocided or became extinct. Voluntary challenges: You read items or engraved 8 times. You never genocided any monsters. You never polymorphed an object. You never changed form. You never touched an artifact. You used no wishes. You never scared an enemy with impunity. You were celibate. You never generated conflict. Achievements: You attained the rank of Conjurer. You entered the Gnomish Mines. You attained the rank of Thaumaturge. You entered Minetown. You entered a shop. You entered a temple. Dungeon overview: The Dungeons of Doom: levels 1 to 8 Level 1: A tree. Level 2: A grave. Level 3: Level 4: "spellbook stash by gnomish" Stairs down to The Gnomish Mines. Level 5: A fountain, a grave. Level 6: A fountain, a tree. Level 7: Many fountains. Oracle of Delphi. Level 8: A fountain. The Gnomish Mines: levels 5 to 9 Level 5: Level 6: "stash by upstairs" Level 7: Level 8: <- You were here. A tool shop, a temple, some fountains, some trees. Final resting place for you, killed by a panther. Level 9: Game over: __________ / \ / REST \ / IN \ / PEACE \ / \ | Catomat | | 214 Au | | killed by a | | panther | | | | | | 2024 | *| * * * | * _________)/\\_//(\/(/\)/\//\/|_)_______ Goodbye Catomat the Wizard... You died in The Gnomish Mines on dungeon level 8 with 4749 points, and 214 pieces of gold, after 6321 moves. You were level 7 with a maximum of 60 hit points when you died.